 Dungeon Crawl Stone Soup version 0.30-a0-177-g1cb5dbfd7a (webtiles) character file.

Game seed: 8541543980435165286

461 ytrimaz the Trooper (level 7, -1/52 HPs)
             Began as an Octopode Fighter on Oct 3, 2022.
             Killed from afar by a white imp (14 damage)
             ... with a puff of frost
             ... on level 4 of the Dungeon.
             The game lasted 00:04:17 (3578 turns).

ytrimaz the Trooper (Octopode Fighter)              Turns: 3578, Time: 00:04:18

Health: -1/52      AC:  1    Str: 15    XL:     7   Next: 7%
Magic:  7/7        EV: 13    Int: 11    God:
Gold:   278        SH:  4    Dex: 13    Spells: 6/6 levels left

rFire   . . .      SeeInvis .    a - +0 rapier
rCold   . . .      Faith    .    b - +0 buckler
rNeg    . . .      Spirit   .    (helmet restricted)
rPois   .          Reflect  .    (no amulet)
rElec   .          Harm     .    (no ring)
rCorr   .          Rampage  .    (no ring)
Will    .....                    (no ring)
Stlth   ++........               (no ring)
HPRegen 0.28/turn                (no ring)
MPRegen 0.10/turn                (no ring)
                                 (no ring)
                                 (no ring)

@: mighty
A: almost no armour, amphibious, 8 rings, camouflage 1, gelatinous body 1,
(nimble swimmer 1), tentacles
a: no special abilities


You were on level 4 of the Dungeon.
You visited 1 branch of the dungeon, and saw 4 of its levels.

You collected 278 gold pieces.


Innate Abilities, Weirdness & Mutations

You cannot wear most types of armour.
You are amphibious.
You can wear up to eight rings at the same time.
Your skin changes colour to match your surroundings (Stealth+).
Your rubbery body absorbs attacks. (AC +1, EV +1)
((You are camouflaged when in or above water. (Stealth+)))
You have tentacles for arms and can constrict up to eight enemies at once.


   Skills:
 + Level 6.2 Fighting
 - Level 5.0 Short Blades
 - Level 3.0 Dodging
 - Level 3.0 Shields


You had 6 spell levels left.
You didn't know any spells.
Your spell library contained the following spells:

 Spells                   Type           Power      Damage    Failure   Level
 Beastly Appendage        Tmut           0%         N/A       43%         1
 Wereblood                Tmut           0%         N/A       56%         2
 Call Canine Familiar     Summ           0%         N/A       80%         3
 Portal Projectile        Hex/Tloc       0%         N/A       80%         3
 Spider Form              Tmut/Pois      0%         N/A       80%         3
 Leda's Liquefaction      Hex/Erth       0%         N/A       99%         4
 Alistair's Intoxication  Tmut/Pois      0%         N/A       100%        5
 Borgnjor's Vile Clutch   Necr/Erth      0%         N/A       100%        5
 Eringya's Noxious Bog    Tmut/Pois      0%         N/A       100%        6

Inventory:

Hand Weapons
 a - a +0 rapier (weapon)
Missiles
 h - a throwing net (quivered)
Armour
 b - a +0 buckler (worn)
Scrolls
 e - a scroll of blinking
 j - a scroll of teleportation
Potions
 c - 4 potions of might
 d - a potion of curing
 f - a potion of brilliance
 g - a potion of magic
 i - a potion of mutation {unknown}

Dungeon Overview and Level Annotations

Branches:
Dungeon (4/15) Zot: 20427
 Temple: D:4-7

Altars:

..###########.#.#<#.#.#######.#
............#.#...#......##...#
###########.#.#.#.#......##.#.#
#.#.#.#........##.#.#
#.#.#.#.#.........#.#
#.#.#.#........####.#
#.#.#.#####....####.#
#.....))).).........#
#.....@####.#########
#.......5.....# ####
#####'#.......# ....
...#.#....## .########
#####.#...... ........#
#.#....... ..## #.# #.#.......
..## #.# #. ....... ...####.#
.#


You could see a white imp.


Message History

The crimson imp blinks!
Unknown command.
You block the crimson imp's attack. The white imp gestures at you.
The puff of frost hits you! 😕 HP[-9]
You take 9 damage, and now have 36/45 hp.
You block the crimson imp's attack.
The crimson imp attacks as you move away!
You block the crimson imp's attack.
The crimson imp blinks!
The white imp barely misses you. 😕 HP[+1]
You feel very mighty all of a sudden. The white imp misses you.
Unknown command.
You barely miss the white imp. You grab the white imp.
You constrict the white imp, but do no damage.
You hit the white imp. You constrict the white imp.
The white imp gestures at you. The puff of frost hits you!
Eustachio casts a spell.
Eustachio blinks! 😮 HP[-10]
You take 10 damage, and now have 27/45 hp.
MASSIVE DAMAGE!! (PAUSE)
You hit the white imp.
You kill the white imp!
The white imp disappears in a puff of smoke!
You closely miss Eustachio. Your grab misses Eustachio.
Eustachio hits you with a +0 rapier!
* * * LOW HITPOINT WARNING * * *
😨 HP[-10]
You take 10 damage, and now have 17/45 hp.
MASSIVE DAMAGE!! (PAUSE)
You hit Eustachio. You grab Eustachio.
You squeeze Eustachio, but do no damage.
You constrict Eustachio. The gnoll closely misses you.
Eustachio barely misses you.
Unknown command.
You release your grip on Eustachio. 😨 HP[+1] Unknown command.
Okay, then.
You completely miss Eustachio. Your grab misses Eustachio.
Eustachio hits you with a +0 rapier.
* * * LOW HITPOINT WARNING * * *
😨 HP[-3]
You take 3 damage, and now have 15/45 hp.
Unknown command.
You hit Eustachio. Your grab misses Eustachio. Your squeeze misses Eustachio.
Eustachio completely misses you.
Unknown command.
You puncture Eustachio! Your grab misses Eustachio.
You block Eustachio's attack.
Unknown command.
You hit Eustachio. You grab Eustachio. You constrict Eustachio.
The crimson imp blinks!
Eustachio asks, "How can you live without manners, virtues and honour?"
You block Eustachio's attack. 😨 HP[+1]
You puncture Eustachio! You squeeze Eustachio!
You kill Eustachio!
The gnoll closely misses you.
Training target 5.0 for Short Blades reached!
Your Fighting skill increases to level 6!
Your Short Blades skill increases to level 5!
You have reached level 7! 😨 HP[+2] MP[+1]
You now have 52 max hp (+7).
You regained 2 hp, and now have 18/52 hp.
Your mp is fully restored (7).
You feel better. The gnoll closely misses you. 😨 HP[+6]
You regained 6 hp, and now have 24/52 hp.
Unknown command.
The gnoll hits you with a +0 halberd!
* * * LOW HITPOINT WARNING * * *
Items here: ! ) ? [ †. 😨 HP[-7]
You take 7 damage, and now have 17/52 hp.
The gnoll shouts!
You puncture the gnoll! Your grab misses the gnoll.
You block the gnoll's attack.
Unknown command.
You puncture the gnoll!
You kill the gnoll! 😨 HP[+1]
The gnoll hits you with a +0 spear.
* * * LOW HITPOINT WARNING * * *
Things that are here:
a +0 halberd; a gnoll corpse; 😱 HP[-6]
You take 6 damage, and now have 12/52 hp.
You hit the gnoll. You grab the gnoll. You squeeze the gnoll.
You kill the gnoll!
A white imp comes into view.
Things that are here:
a +0 spear; a gnoll corpse The white imp gestures at you.
The puff of frost hits you!
You die...

Skill      XL: |  1  2  3  4  5  6 |
---------------+-------------------+-----
Short Blades   | 3 4 5 |  5.0
Fighting       | 4 5 6 |  6.2
Dodging        | |  3.0
Shields        | |  3.0

Action                   |  1- 3 |  4- 6 |  7- 9 || total
-------------------------+-------+-------+-------++-------
Melee: Rapier            |    75 |   137 |     3 ||   215
       Tentacles         |    16 |    26 |     1 ||    43
       Constrict         |    18 |    40 |     1 ||    59
       Punch             |     1 |       |       ||     1
  Use: Scroll            |     4 |     5 |       ||     9
       Potion            |       |     2 |     1 ||     3
 Stab: Sleeping          |     2 |    12 |       ||    14
Armor: Skin              |     9 |     6 |       ||    15
Dodge: Dodged            |    53 |    66 |     1 ||   120
Block: Buckler           |    18 |    38 |     1 ||    57

Levels and vault maps discovered:
D:1:      beargit_arrival_greenhouse, layout_basic,
          shapermc_ecumenical_altar_mp_vishouse, minmay_misc_feat_ornament,
          minmay_heptomino_h4
D:2:      layout_loops_corners, minivault_19
D:3:      layout_basic, serial_glass, glass_columns_b, glass_columns_b,
          glass_columns_b, glass_columns_a, glass_columns_c, glass_columns_c,
          glass_columns_b, glass_columns_c
D:4:      layout_basic, uniq_eustachio

Notes
Turn   | Place    | Note
-------+----------+-------------------------------------------
     0 | D:1      | ytrimaz the Octopode Fighter began the quest for the Orb.
     0 | D:1      | Reached XP level 1. HP: 16/16 MP: 1/1
     0 | D:1      | magus.rc [v1.9.6]
     5 | D:1      | You pick up a book of Changes and begin reading...
     5 | D:1      | You add the spells Beastly Appendage, Wereblood and Spider
                  | Form to your library.
    81 | D:1      | Reached XP level 2. HP: 15/21 MP: 2/2
   418 | D:1      | Found a faded altar of an unknown god.
   451 | D:1      | Reached XP level 3. HP: 16/26 MP: 3/3
   640 | D:1      | Reached skill level 3 in Short Blades
   688 | D:1      | You pick up a book of the Hunter and begin reading...
   688 | D:1      | You add the spells Call Canine Familiar, Portal Projectile
                  | and Leda's Liquefaction to your library.
   826 | D:1      | Reached skill level 4 in Fighting
   826 | D:1      | Reached XP level 4. HP: 22/33 MP: 4/4
  1345 | D:2      | Reached XP level 5. HP: 38/38 MP: 5/5
  2035 | D:3      | You add the spells Alistair's Intoxication, Borgnjor's Vile
                  | Clutch and Eringya's Noxious Bog to your library.
  2059 | D:3      | Reached skill level 4 in Short Blades
  2481 | D:4      | Noticed Eustachio
  2718 | D:4      | Reached skill level 5 in Fighting
  2730 | D:4      | HP: 6/39 [gnoll/+0 spear (9)]
  2987 | D:4      | Reached XP level 6. HP: 15/45 MP: 6/6
  3570 | D:4      | Killed Eustachio
  3571 | D:4      | Reached skill level 6 in Fighting
  3571 | D:4      | Reached skill level 5 in Short Blades
  3571 | D:4      | Reached XP level 7. HP: 18/52 MP: 7/7
  3575 | D:4      | HP: 12/52 [gnoll/+0 spear (6)]
  3578 | D:4      | Killed from afar by a white imp

Vanquished Creatures
  Eustachio (D:4)
  A jelly (D:4)
  An orc priest (D:4)
  A hound (D:4)
  6 gnolls
  7 adders
  A worm (D:4)
  4 dart slugs
  4 orcs (D:4)
  12 ball pythons
  3 endoplasms
  6 giant cockroaches
  10 goblins
  6 hobgoblins
  7 jackals
  7 kobolds
  4 quokkas
  10 bats
  3 frilled lizards (D:1)
  4 rats
98 creatures vanquished.

Table legend:
 A = Non-vault XP
 B = Vault XP
 C = Vault XP percentage of total XP
 D = Non-vault monster count
 E = Vault monster count
 F = Vault count percentage of total count
                 A         B        C        D         E       F
            +---------+---------+-------+---------+---------+-------
      Total |     450 |     209 |  31.7 |      93 |       5 |   5.1
            +---------+---------+-------+---------+---------+-------
        D:1 |      66 |       7 |   9.6 |      30 |       4 |  11.8
        D:2 |     122 |       0 |   0.0 |      28 |       0 |   0.0
        D:3 |      23 |       0 |   0.0 |      13 |       0 |   0.0
        D:4 |     239 |     202 |  45.8 |      22 |       1 |   4.3
            +---------+---------+-------+---------+---------+-------

Illustrated notes

Table legend:
 A = Kills in this place as a percentage of kills in entire the game.
 B = Kills by you in this place as a percentage of kills by you in the entire game.
 C = Kills by friends in this place as a percentage of kills by friends in the entire game.
 D = Other kills in this place as a percentage of other kills in the entire game.
 E = Experience gained in this place as a percentage of experience gained in the entire game.
 F = Experience gained in this place divided by the number of levels of this place that you have seen.
                   A       B       C       D       E      F
               +-------+-------+-------+-------+-------+----------------------
         Total | 100.0 | 100.0 |   N/A |   N/A | 100.0 | 164.8
       Dungeon | 100.0 | 100.0 |   N/A |   N/A | 100.0 | 164.8
               +-------+-------+-------+-------+-------+----------------------

Table legend: (Time is in decaauts)
 A = Elapsed time spent in this place.
 B = Non-inter-level travel time spent in this place.
 C = Inter-level travel time spent in this place.
 D = Time resting spent in this place.
 E = Time spent auto-exploring this place.
 F = Levels seen in this place.
 G = Mean time per level.
                   A        B        C        D        E       F      G
               +--------+--------+--------+--------+--------+-----+--------+
         Total |   3572 |   3491 |     81 |    514 |   2270 |   4 |  893.0 |
       Dungeon |   3572 |   3491 |     81 |    514 |   2270 |   4 |  893.0 |
               +--------+--------+--------+--------+--------+-----+--------+

Top non-repeatable levels by time:
     D:4: 1197 daAuts
     D:2: 907 daAuts
     D:1: 852 daAuts
     D:3: 614 daAuts
